 Dungeon Crawl Stone Soup version 0.20.1-1-g8b1a95d (webtiles) character file.

295 Zedayar the Skirmisher (level 6, -5/51 HPs)
             Began as a Barachi Berserker on Aug 26, 2017.
             Was a Priest of Trog.
             Slain by Duvessa
             ... wielding a +3 short sword of holy wrath
              (11 damage)
             ... on level 4 of the Dungeon.
             The game lasted 00:11:49 (2702 turns).

Zedayar the Skirmisher (Barachi Berserker)          Turns: 2702, Time: 00:11:50

Health: -5/51      AC:  7    Str: 20    XL:     6   Next: 34%
Magic:  6/6        EV: 11    Int:  8    God:    Trog [***...]
Gold:   132        SH:  0    Dex: 11    Spells: 5/5 levels left

rFire    . . .     SeeInvis .   j - +2 spear (pierce)
rCold    . . .     Gourm    .   (no shield)
rNeg     . . .     Faith    .   d - +0 scale mail (curse)
rPois    .         Spirit   .   (no helmet)
rElec    .         Reflect  .   (no cloak)
rCorr    .         Harm     .   (no gloves)
MR       .....                  (no boots)
Stlth    ..........             (no amulet)
Regen    0.2/turn               (no ring)
MPRegen  0.1/turn               (no ring)

@: slow
A: +LOS, swims, slowness 1, strong legs 1
a: Hop, Berserk, Trog's Hand, Burn Spellbooks, Renounce Religion


You were on level 4 of the Dungeon.
You worshipped Trog.
Trog was most pleased with you.
You were not hungry.

You visited 1 branch of the dungeon, and saw 4 of its levels.

You collected 132 gold pieces.

Inventory:

Hand Weapons
 a - a +0 mace
 g - a +1 short sword of flaming
 j - a +2 spear of piercing (weapon)
Armour
 b - a +0 animal skin
 d - a cursed +0 scale mail (worn)
Wands
 s - a wand of digging (9/24)
Scrolls
 i - a scroll of noise {unknown}
 k - a scroll of blinking {unknown}
 l - 2 scrolls of fog {unknown}
 m - 2 scrolls of enchant weapon {unknown}
 n - a scroll of teleportation {unknown}
 o - 3 scrolls of identify {unknown}
Potions
 e - a potion of might
 p - a potion of heal wounds
Comestibles
 c - a bread ration
 t - a meat ration


   Skills:
 * Level 5.5 Fighting
 + Level 1.9 Short Blades
 - Level 3.4 Maces & Flails
 + Level 2.4 Polearms
 * Level 4.3 Armour
 + Level 2.9 Dodging
 + Level 0.4 Stealth


You had 5 spell levels left.
You didn't know any spells.

Dungeon Overview and Level Annotations

Branches:
Dungeon (4/15)
 Temple: D:4-7

Altars:
Fedhas

Shops:
D:4 ?

Annotations:
D:4 Duvessa


Innate Abilities, Weirdness & Mutations

Shadows flee at your approach. (+LOS)
You can swim through water.
You cover ground slowly.
You can hop short distances.


Message History

You closely miss Duvessa.
Duvessa is lightly wounded.
Duvessa barely misses you. x2
You barely miss Duvessa.
Duvessa is lightly wounded.
Duvessa barely misses you.
You hit Duvessa.
Duvessa is lightly wounded.
Duvessa hits you with a short sword of holy wrath. x2
You barely miss Duvessa.
Duvessa is lightly wounded.
Duvessa hits you with a short sword of holy wrath!
* * * LOW HITPOINT WARNING * * *
Duvessa hits you but does no damage.
As you read the scroll labeled VUMORY YLIUTS, it crumbles to dust.
Your brain hurts!
It was a scroll of random uselessness.
Duvessa hits you with a short sword of holy wrath.
* * * LOW HITPOINT WARNING * * *
Duvessa hits you with a short sword of holy wrath!
You die...

#... #. #..# #.
#..# #.######.
#..# .........
#..# ..######.
#..# .........
########.(#
##......
........e.#
#?####.
########@## # #.
#.#######. #.
#........>...####.
#.#######.........
#.♣# ########.
#.(# ###########.
#♣∩♣ #...........
#†.####.##########
...[.....♣...#.#


You could see Duvessa (berserk).

Vanquished Creatures
  Dowan (D:4)
  A hound (D:4)
  An orc priest (D:4)
  Ijyb (D:4)
  A worker ant (D:4)
  4 adders
  2 oozes
  A worm (D:3)
  A dart slug (D:1)
  4 leopard geckos
  4 orcs
  12 giant cockroaches
  3 goblins
  12 hobgoblins
  6 jackals
  A ball python skeleton (D:4)
  10 bats
  5 frilled lizards
  3 kobolds
  A leopard gecko skeleton (D:4)
  5 rats
79 creatures vanquished.

Notes
Turn   | Place    | Note
-------+----------+-------------------------------------------
     0 | D:1      | Zedayar the Barachi Berserker began the quest for the Orb.
     0 | D:1      | Reached XP level 1. HP: 18/18 MP: 1/1
   253 | D:1      | Reached skill level 4 in Fighting
   479 | D:1      | Reached XP level 2. HP: 20/25 MP: 2/2
   725 | D:2      | Reached ** piety under Trog
   864 | D:2      | Reached XP level 3. HP: 19/31 MP: 3/3
  1213 | D:2      | Paralysed by fainting for 10 turns
  1503 | D:2      | Reached XP level 4. HP: 38/38 MP: 4/4
  1517 | D:2      | Reached skill level 1 in Short Blades
  1878 | D:3      | Reached *** piety under Trog
  2115 | D:3      | Reached skill level 1 in Polearms
  2389 | D:4      | Reached XP level 5. HP: 43/43 MP: 5/5
  2407 | D:4      | Noticed Ijyb
  2419 | D:4      | Killed Ijyb
  2419 | D:4      | Reached skill level 5 in Fighting
  2629 | D:4      | Found a blossoming altar of Fedhas.
  2632 | D:4      | Noticed Duvessa
  2632 | D:4      | Noticed Dowan
  2655 | D:4      | Killed Dowan
  2655 | D:4      | Reached XP level 6. HP: 41/51 MP: 6/6
  2663 | D:4      | Found Eggilla's Magic Scroll Shoppe.
  2702 | D:4      | Slain by Duvessa

Skill      XL: |  1  2  3  4  5 |
---------------+----------------+-----
Fighting       | 4 5 |  5.5
Armour         | 3 4 |  4.3
Short Blades   | 1 |  1.9
Polearms       | 1 2 |  2.4
Maces & Flails | |  3.4
Dodging        | |  2.9
Stealth        | |  0.4

Action                   |  1- 3 |  4- 6 || total
-------------------------+-------+-------++-------
Melee: Mace              |    20 |       ||    20
       Short sword       |   114 |    21 ||   135
       Spear             |       |   134 ||   134
Invok: Berserk           |     1 |     1 ||     2
 Abil: Hop               |     1 |       ||     1
  Use: Potion            |       |     5 ||     5
       Scroll            |       |     1 ||     1
  Eat: Meat ration       |     1 |       ||     1
       Bread ration      |     1 |       ||     1
Armor: Animal skin       |    15 |       ||    15
       Scale mail        |    75 |    75 ||   150
Dodge: Dodged            |   104 |   104 ||   208
